 Dungeon Crawl Stone Soup version 0.31-a0-840-g6d2ecbb638 (webtiles) character file.

Game seed: 15846697858401737448

412 BritishOli the Trooper (level 6, -2/73 HPs)
             Began as a Demonspawn Fighter on Sept 27, 2023.
             Slain by a gnoll
             ... wielding a +0 halberd
              (8 damage)
             ... on level 4 of the Dungeon.
             The game lasted 00:04:11 (2510 turns).

BritishOli the Trooper (Demonspawn Fighter)         Turns: 2510, Time: 00:04:11

Health: -2/73      AC: 23    Str: 19    XL:     6   Next: 59%
Magic:  6/6        EV:  2    Int:  9    God:
Gold:   204        SH:  5    Dex: 12    Spells: 5/5 levels left

rFire   . . .        a - +0 war axe
rCold   . . .        c - +0 buckler
rNeg    . . .        k - melded +1 chain mail {rPois}
rPois   +            (helmet currently unavailable)
rElec   .            (cloak currently unavailable)
rCorr   .            (gloves currently unavailable)
SInv    .            (boots currently unavailable)
Will    .....        (no amulet) Stlth
                     (no ring)
HPRegen 0.32/turn    (no ring)
MPRegen 0.10/turn

%: no passive effects
@: tree-form (expiring), silenced (expiring)
A: stationary, stasis, torment immunity, boosted hp, foul stench 1, (demonic
touch 1)
a: no special abilities


You were on level 4 of the Dungeon.
You were a tree.
You visited 1 branch of the dungeon, and saw 4 of its levels.

You collected 204 gold pieces.

Inventory:

Hand Weapons
 a - a +0 war axe (weapon)
Armour
 b - a +0 scale mail
 c - a +0 buckler (worn)
 k - a +1 chain mail of poison resistance (melded)
Jewellery
 w - a +6 ring of intelligence
Scrolls
 f - a scroll of silence
 h - 4 scrolls of teleportation {unknown}
 i - a scroll of identify {unknown}
 l - a scroll of poison {unknown}
 n - a scroll of enchant armour {unknown}
 s - 2 scrolls of revelation {unknown}
 t - a scroll of fog {unknown}
 u - a scroll of enchant weapon {unknown}
 x - a scroll of immolation {unknown}
 y - a scroll of fear {unknown}
 z - a scroll of amnesia {unknown}
Potions
 d - 3 potions of might
 e - a potion of berserk rage {unknown}
 j - a potion of mutation {unknown}
 m - a potion of attraction {unknown}
 o - a potion of enlightenment {unknown}
 p - a potion of haste {unknown}
 q - a potion of brilliance {unknown}
 r - a potion of curing {unknown}
 v - a potion of lignification


   Skills:
 + Level 4.5 Fighting
 + Level 3.5 Axes
 + Level 4.1 Armour
 + Level 4.1 Shields


You had 5 spell levels left.
You didn't know any spells.
Your spell library was empty.

Dungeon Overview and Level Annotations

Branches:
Dungeon (4/15)
 Temple: D:4-7

Altars:
Yredelemnul


Innate Abilities, Weirdness & Mutations

You are a tree.
Your roots penetrate the ground, keeping you stationary.
You cannot be teleported.
You are immune to unholy pain and torment.
Your maximum health is greatly increased.
Your equipment is partially melded.
You may rarely emit foul miasma when damaged in melee.
((Your touch may inflict minor irresistible damage on your foes.))


Message History

A gnoll comes into view. It is wielding a +0 spear.
The gnoll hits you but does no damage.
The gnoll hits you from afar with a +0 spear.
You block the gnoll's attack.
A goblin comes into view. It is wielding a +0 club.
The gnoll hits you but does no damage. x2
The gnoll hits you but does no damage.
The gnoll hits you from afar with a +0 halberd. x2
The gnoll hits you but does no damage.
The gnoll hits you from afar with a +0 spear!
* * * LOW HITPOINT WARNING * * *
The gnoll hits you but does no damage.
The gnoll hits you from afar with a +0 spear.
* * * LOW HITPOINT WARNING * * *
You block the gnoll's attack. The gnoll hits you but does no damage.
The gnoll completely misses you. The gnoll hits you but does no damage.
The gnoll hits you from afar with a +0 halberd!
* * * LOW HITPOINT WARNING * * *
You block the gnoll's attack. The gnoll barely misses you.
You block the gnoll's attack. You block the gnoll's attack.
The gnoll hits you but does no damage. x2
The gnoll hits you but does no damage. x2
The gnoll hits you from afar with a +0 halberd.
* * * LOW HITPOINT WARNING * * *
You block the gnoll's attack.
The gnoll hits you but does no damage. x2
You cannot move.
The gnoll hits you but does no damage. You block the gnoll's attack.
The gnoll hits you but does no damage.
The gnoll hits you from afar with a +0 spear.
* * * LOW HITPOINT WARNING * * *
The gnoll completely misses you. The gnoll hits you but does no damage.
The gnoll hits you but does no damage. x3
The gnoll hits you from afar with a +0 spear.
* * * LOW HITPOINT WARNING * * *
The gnoll hits you but does no damage. x2
Your transformation is almost over.
The gnoll hits you but does no damage. x3
The gnoll hits you but does no damage.
The gnoll hits you from afar with a +0 halberd!
You die...

##.##...#.#..# ...# ..
#...#.###.##[# ...
..(...#.##.#.)##..##.###
#.##..##..#..#..##......
##..#.#.#.###.##...###
...#.#.##.#.)#....... ##
...#.#...##....# #.
..#####)##.#.#.###..# #.
#..gg.♣...###.....## #.
....gg)))...........###.
.....g.....####.##......
.....##...... #.........
..#.. #.#..#############
# #. ...[.# # # ##..#.#
# #.. .. # ####


You could see 4 gnolls and a goblin.

Vanquished Creatures
  An ice beast (D:4)
  A scorpion (D:4)
  A hound (D:4)
  An iguana (D:4)
  A scorpion zombie (D:3)
  4 gnolls (D:4)
  6 adders
  2 adder zombies (D:3)
  2 worms
  3 dart slugs
  2 orcs
  4 bats
  7 endoplasms
  2 giant cockroaches (D:2)
  7 goblins
  4 hobgoblins
  4 jackals
  A quokka (D:3)
  6 ball pythons
  4 frilled lizards
  9 kobolds
  5 rats
77 creatures vanquished.

Notes
Turn   | Place    | Note
-------+----------+-------------------------------------------
     0 | D:1      | BritishOli the Demonspawn Fighter began the quest for the
                  | Orb.
     0 | D:1      | Reached XP level 1. HP: 18/18 MP: 1/1
   112 | D:1      | Found a faded altar of an unknown god.
   170 | D:1      | Gained mutation: Your touch may inflict minor irresistible
                  | damage on your foes. [demonic ancestry]
   170 | D:1      | Reached XP level 2. HP: 24/24 MP: 2/2
   694 | D:2      | Reached XP level 3. HP: 29/29 MP: 3/3
  1554 | D:3      | Reached XP level 4. HP: 36/36 MP: 4/4
  2071 | D:3      | Found a basalt altar of Yredelemnul.
  2166 | D:3      | Gained mutation: You may rarely emit foul miasma when
                  | damaged in melee. [demonic ancestry]
  2166 | D:3      | Reached XP level 5. HP: 42/42 MP: 5/5
  2314 | D:4      | Noticed an ice beast
  2318 | D:4      | Reached XP level 6. HP: 34/48 MP: 6/6
  2327 | D:4      | Killed an ice beast
  2510 | D:4      | Slain by a gnoll

Illustrated notes

Levels and vault maps discovered:
D:1:      eino_arrival_druids_welcome, layout_basic,
          ebering_ecumenical_altar_box, minmay_misc_feat_doors,
          kennysheep_flooded_box, minmay_pentomino_x2
D:2:      kb_forest_paths, layout_basic
D:3:      layout_basic, nicolae_yredelemnul_corpse_copse
D:4:      layout_basic, good_gods_mini_temple, minmay_pentomino_pile

Skill      XL: |  1  2  3  4  5  6 |
---------------+-------------------+-----
Axes           | 2 3 |  3.5
Armour         | 3 4 |  4.1
Shields        | 3 4 |  4.1
Fighting       | 4 |  4.5

Action                     |  1- 3 |  4- 6 || total
---------------------------+-------+-------++-------
  Melee: War axe           |   128 |   126 ||   254
    Use: Potion            |       |     2 ||     2
         Scroll            |       |     1 ||     1
 Armour: Scale mail        |    20 |       ||    20
         Chain mail        |    73 |   110 ||   183
         Skin              |       |    58 ||    58
  Dodge: Dodged            |    37 |    55 ||    92
  Block: Buckler           |    30 |    44 ||    74

Table legend: (Time is in decaauts)
 A = Elapsed time spent in this place.
 B = Non-inter-level travel time spent in this place.
 C = Inter-level travel time spent in this place.
 D = Time resting spent in this place.
 E = Time spent auto-exploring this place.
 F = Levels seen in this place.
 G = Mean time per level.
                   A        B        C        D        E       F      G
               +--------+--------+--------+--------+--------+-----+--------+
         Total |   2612 |   2548 |     64 |    121 |   1837 |   4 |  653.0 |
       Dungeon |   2612 |   2548 |     64 |    121 |   1837 |   4 |  653.0 |
               +--------+--------+--------+--------+--------+-----+--------+

Top non-repeatable levels by time:
     D:2: 976 daAuts
     D:3: 714 daAuts
     D:1: 578 daAuts
     D:4: 343 daAuts
